 Dungeon Crawl Stone Soup version 0.28-a0-983-g1de4e0787c (webtiles) character file.

Game seed: 15504582585847269201

374 kae the Changer (level 6, -2/47 HPs)
             Began as a Draconian Transmuter on Dec 2, 2021.
             Was an Initiate of Ru.
             Slain by a howler monkey skeleton (3 damage)
             ... on level 4 of the Dungeon.
             The game lasted 00:07:11 (5605 turns).

kae the Changer (Draconian Transmuter)              Turns: 5605, Time: 00:07:11

Health: -2/47      AC: -10   Str: 12    XL:     6   Next: 43%
Magic:  19/20      EV: 12    Int: 16    God:    Ru [......]
Gold:   246        SH:  0    Dex: 11    Spells: 3/11 levels left

rFire   . . .      SeeInvis .     - Unarmed
rCold   . . .      Faith    .   (no shield)
rNeg    . . .      Spirit   .   (armour unavailable)
rPois   .          Reflect  .   (helmet restricted)
rElec   .          Harm     .   (no cloak)
rCorr   .          Rampage  .   (no gloves)
Will    .....                   (no boots)
Stlth   +.........              (no amulet)
HPRegen 0.15/turn               b - ring of magical power
MPRegen 0.17/turn               (no ring)

@: corroded
A: AC +6, unfitting armour, cold-blooded
a: Renounce Religion


You were on level 4 of the Dungeon.
You worshipped Ru.
Ru was noncommittal.
You visited 1 branch of the dungeon, and saw 4 of its levels.

You collected 246 gold pieces.

Inventory:

Missiles
 f - a throwing net
Jewellery
 b - a ring of magical power (left hand)
Potions
 a - a potion of resistance
 c - a potion of brilliance
 e - 2 potions of mutation {unknown}
 h - a potion of heal wounds {unknown}


   Skills:
 - Level 1.1 Fighting
 - Level 1.7 Dodging
 + Level 4.1 Unarmed Combat
 + Level 3.3 Spellcasting
 * Level 4.7 Transmutations
 * Level 0.9 Ice Magic
 - Level 2.0 Poison Magic


You had 3 spell levels left.
You knew the following spells:

 Your Spells              Type           Power      Damage    Failure   Level
a - Beastly Appendage     Tmut           36%        N/A       2%          1
b - Spider Form           Tmut/Pois      13%        N/A       14%         3
c - Ice Form              Ice/Tmut       11%        N/A       50%         4

Your spell library contained the following spells:

 Spells                   Type           Power      Damage    Failure   Level
 Wereblood                Tmut           18%        N/A       3%          2
 Foxfire                  Conj/Fire      8%         2x1d4     19%         1
 Conjure Flame            Conj/Fire      2%         6-21      47%         3
 Inner Flame              Hex/Fire       2%         N/A       47%         3
 Flame Wave               Conj/Fire      2%         2d4       87%         4


Dungeon Overview and Level Annotations

Branches:
Dungeon (4/15)
 Temple: D:4-7

Altars:
Ru
Vehumet
Wu Jian

Shops:
D:2 (

Annotations:
D:4 Pikel


Innate Abilities, Weirdness & Mutations

Your plain brown scales are hard. (AC +6)
You cannot fit into any form of body armour.
You are cold-blooded and may be slowed by cold attacks.


Message History

You hit the jelly but do no damage.
Your front legs burn!
* * * LOW HITPOINT WARNING * * *
The jelly is almost dead.
You kill the jelly!
Your transformation is almost over.
You hit the howler monkey skeleton.
The howler monkey skeleton is lightly damaged.
The howler monkey skeleton hits you.
* * * LOW HITPOINT WARNING * * *
You hit the howler monkey skeleton but do no damage.
The howler monkey skeleton is lightly damaged.
The howler monkey skeleton barely misses you.
You hit the howler monkey skeleton but do no damage.
The howler monkey skeleton is lightly damaged.
The howler monkey skeleton hits you.
* * * LOW HITPOINT WARNING * * *
You hit the howler monkey skeleton but do no damage.
The howler monkey skeleton is lightly damaged.
The howler monkey skeleton misses you.
You feel better.
The howler monkey skeleton completely misses you.
You hit the howler monkey skeleton.
The howler monkey skeleton is moderately damaged.
The howler monkey skeleton barely misses you.
You hit the howler monkey skeleton but do no damage.
The howler monkey skeleton is moderately damaged.
The howler monkey skeleton completely misses you.
You hit the howler monkey skeleton but do no damage.
The howler monkey skeleton is moderately damaged.
The howler monkey skeleton hits you.
* * * LOW HITPOINT WARNING * * *
You hit the howler monkey skeleton but do no damage.
The howler monkey skeleton is moderately damaged.
Your transformation has ended.
The howler monkey skeleton hits you.
* * * LOW HITPOINT WARNING * * *
You hit the howler monkey skeleton but do no damage.
The howler monkey skeleton is moderately damaged.
The howler monkey skeleton hits you.
You die...

............##
..............##
...............##
................###
...................
...........<.......
...[...............
.......Z..[........
.......@..>........
###................
##...............
#...............
#..#............
##..###........ #..
#...... #.. ....


You could see a howler monkey skeleton.

Vanquished Creatures
  3 lemures (D:4)
  2 kobold brigands (D:3)
  A jelly (D:4)
  An orc priest (D:4)
  6 gnolls (D:3)
  3 adders
  2 worms
  A dart slug (D:3)
  2 orcs
  4 ball pythons
  6 bats
  7 endoplasms
  A giant cockroach (D:1)
  4 goblins
  7 hobgoblins
  37 kobolds
  3 frilled lizards
  12 rats
102 creatures vanquished.

Notes
Turn   | Place    | Note
-------+----------+-------------------------------------------
     0 | D:1      | kae the Draconian Transmuter began the quest for the Orb.
     0 | D:1      | Reached XP level 1. HP: 16/16 MP: 3/3
   456 | D:1      | Reached XP level 2. HP: 23/23 MP: 5/5
  1287 | D:2      | Reached XP level 3. HP: 6/28 MP: 6/6
  1720 | D:2      | Found Munoaris's Weapon Shop.
  2530 | D:3      | Learned a level 3 spell: Spider Form
  2561 | D:3      | Found a radiant altar of Vehumet.
  2881 | D:3      | Found a sacrificial altar of Ru.
  3119 | D:3      | Became a worshipper of Ru the Awakened
  3158 | D:3      | Found an ornate altar of the Wu Jian Council.
  3172 | D:3      | Reached XP level 4. HP: 35/35 MP: 7/7
  3312 | D:3      | Found a faded altar of an unknown god.
  3532 | D:3      | Reached skill level 1 in Poison Magic
  3580 | D:3      | Noticed a kobold brigand
  3580 | D:3      | Noticed a kobold brigand
  3591 | D:3      | Killed a kobold brigand
  3592 | D:3      | Reached XP level 5. HP: 21/40 MP: 9/9
  4211 | D:3      | Reached XP level 6. HP: 11/47 MP: 10/10
  4832 | D:4      | Learned a level 4 spell: Ice Form
  5262 | D:4      | Noticed Pikel
  5598 | D:4      | HP: 2/47 [howler monkey skeleton (1)]
  5604 | D:4      | HP: 1/47 [howler monkey skeleton (6)]
  5605 | D:4      | Slain by a howler monkey skeleton

Illustrated notes

Levels and vault maps discovered:
D:1:      eino_arrival_cavern_e, layout_basic, minivault_27
D:2:      layout_loops_corners, serial_shops, nicolae_shop_window_shopping,
          minmay_tiny_reverse_x
D:3:      minmay_goblin_kobold_castle, layout_loops_ring, lemuel_doored_altar,
          mainiacjoe_overflow_six_doors_small, mainiacjoe_overflow_chevrons,
          dreamdust_ecumenical_altar_angels_and_demons
D:4:      layout_layer_cave, minmay_temple_entry_crystal_x,
          uniq_crazy_yiuf_cottage, uniq_natasha, uniq_pikel, uniq_ijyb

Skill      XL: |  1  2  3  4  5 |
---------------+----------------+-----
Transmutations | 3 4 |  4.7
Poison Magic   | 1 2 |  2.0
Spellcasting   | 3 |  3.3
Unarmed Combat | 4 |  4.1
Fighting       | |  1.1
Dodging        | |  1.7
Ice Magic      | |  0.9

Action                   |  1- 3 |  4- 6 || total
-------------------------+-------+-------++-------
Melee: Unarmed           |   137 |   170 ||   307
       Headbutt          |     2 |     4 ||     6
       Tailslap          |    11 |     5 ||    16
       Punch             |     2 |     1 ||     3
       Kick              |     4 |     5 ||     9
 Cast: Beastly Appendage |     9 |     7 ||    16
       Spider Form       |     1 |    14 ||    15
  Use: Scroll            |     4 |     3 ||     7
       Potion            |       |     1 ||     1
 Stab: Sleeping          |     1 |       ||     1
Armor: Skin              |    26 |    20 ||    46
Dodge: Dodged            |    82 |   141 ||   223

Table legend: (Time is in decaauts)
 A = Elapsed time spent in this place.
 B = Non-inter-level travel time spent in this place.
 C = Inter-level travel time spent in this place.
 D = Time resting spent in this place.
 E = Time spent auto-exploring this place.
 F = Levels seen in this place.
 G = Mean time per level.
                   A        B        C        D        E       F      G
               +--------+--------+--------+--------+--------+-----+--------+
         Total |   5601 |   5367 |    234 |    585 |   3980 |   4 | 1400.2 |
       Dungeon |   5601 |   5367 |    234 |    585 |   3980 |   4 | 1400.2 |
               +--------+--------+--------+--------+--------+-----+--------+

Top non-repeatable levels by time:
     D:3: 2924 daAuts
     D:2: 1384 daAuts
     D:1: 1091 daAuts
     D:4: 201 daAuts
